 Dungeon Crawl Stone Soup version 0.25-a0-100-g33052ce (webtiles) character file.

Game seed: 15351078577133902442, levelgen mode: deterministic

20472 Blackhawk the Grappler (level 12, -7/122 HPs)
             Began as a Troll Gladiator on Nov 15, 2019.
             Was the Champion of Okawaru.
             Shot with an arrow by a centaur warrior (12 damage)
             ... on level 12 of the Dungeon.
             The game lasted 00:27:02 (10976 turns).

Blackhawk the Grappler (Troll Gladiator)           Turns: 10976, Time: 00:27:03

Health: -7/122     AC: 16    Str: 28    XL:     12   Next: 45%
Magic:  11/11      EV: 14    Int:  4    God:    Okawaru [******]
Gold:   870        SH:  0    Dex: 12    Spells: 11/11 levels left

rFire    + . .     SeeInvis .     - Unarmed
rCold    . . .     Gourm    +   (no shield)
rNeg     . . .     Faith    .   J - +0 steam dragon scales
rPois    .         Spirit   .   n - +2 hat
rElec    .         Reflect  .   S - +0 cloak
rCorr    .         Harm     .   (gloves unavailable)
MR       +....                  (boots unavailable)
Stlth    +.........             E - amulet of rage
HPRegen  0.70/turn              g - +4 ring of protection
MPRegen  0.12/turn              U - ring "Lifa Wou" {rF+ MR+}

@: no status effects
A: large, unfitting armour, claws 3, fast metabolism 3, gourmand, regeneration
1, shaggy fur 1, tough skin 3
a: Heroism, Finesse, Renounce Religion, Evoke Berserk Rage


You were on level 12 of the Dungeon.
You worshipped Okawaru.
Okawaru was exalted by your worship.
You were completely stuffed.

You visited 2 branches of the dungeon, and saw 13 of its levels.
You also visited: Sewer.

You collected 870 gold pieces.

Inventory:

Hand Weapons
 a - the +6 hand axe of the Penguin {flame, MR+}
   (You found it on level 10 of the Dungeon)

   It has been specially enchanted to burn those struck by it, causing extra
   injury to most foes and up to half again as much damage against particularly
   susceptible opponents.
   Big, fiery blades are also staple armaments of hydra-hunters.
   It affects your resistance to hostile enchantments.
 I - a +6 giant spiked club
 Q - a +1 morningstar of venom
 X - the +3 giant spiked club "Izyesim" {speed, *Drain rF+ Str+3}
   (Okawaru gifted it to you on level 12 of the Dungeon)

   Attacks with this weapon are significantly faster.
   It affects your strength (+3).
   It protects you from fire.
   It causes draining when unequipped.
Missiles
 c - 7 throwing nets (quivered)
 W - 5 large rocks
Armour
 b - a +0 hat
 n - a +2 hat (worn)
 s - a +0 pair of boots
 x - a +0 robe
 J - +0 steam dragon scales (worn)
 S - a +0 cloak (worn)
Jewellery
 g - a +4 ring of protection (left claw)
 y - an uncursed ring of protection from cold
 E - an amulet of rage (around neck)
 T - a cursed ring of see invisible {unknown}
 U - the ring "Lifa Wou" (right claw) {rF+ MR+}
   (You found it on level 11 of the Dungeon)

   [ring of protection from magic]

   It protects you from fire.
   It affects your resistance to hostile enchantments.
 V - a cursed ring of teleportation {unknown}
 Z - a cursed -3 ring of dexterity {unknown}
Wands
 D - a wand of flame (23)
 F - a wand of disintegration (20)
 G - a wand of polymorph (7)
 H - a wand of random effects (26)
 P - a wand of clouds (5)
Scrolls
 e - 5 scrolls of remove curse {unknown}
 f - 2 scrolls of enchant weapon {unknown}
 h - a scroll of amnesia {unknown}
 j - 10 scrolls of teleportation
 o - 3 scrolls of enchant armour {unknown}
 p - 3 scrolls of immolation {unknown}
 t - 3 scrolls of identify
 v - 2 scrolls of blinking {unknown}
 w - 3 scrolls of fog {unknown}
 A - 3 scrolls of acquirement {unknown}
 B - a scroll of noise {unknown}
 N - a scroll of holy word {unknown}
 O - a scroll of random uselessness {unknown}
Potions
 i - 3 potions of agility
 k - 9 potions of curing
 l - 2 potions of resistance {unknown}
 m - a potion of cancellation {unknown}
 q - 2 potions of degeneration {unknown}
 r - 3 potions of flight {unknown}
 u - a potion of heal wounds {unknown}
 z - a potion of berserk rage {unknown}
 C - a potion of ambrosia {unknown}
 K - 2 potions of haste
 L - 3 potions of lignification {unknown}
 M - a potion of mutation {unknown}
Miscellaneous
 R - a box of beasts
Comestibles
 d - 22 rations
 Y - 4 chunks of flesh


   Skills:
 + Level 8.9 Fighting
 * Level 2.8 Maces & Flails
 - Level 1.7 Throwing
 + Level 3.1 Armour
 + Level 9.1 Dodging
 - Level 13.9 Unarmed Combat


You had 11 spell levels left.
You didn't know any spells.
Your spell library contained the following spells:

 Spells                   Type           Power        Failure   Level  Hunger
 Animate Skeleton         Necr           N/A          50%         1    ##.....
 Apportation              Tloc           #.....       50%         1    ##.....
 Confusing Touch          Hex            #.....       50%         1    ##.....
 Flame Tongue             Conj/Fire      #....        50%         1    ##.....
 Pain                     Necr           #...         50%         1    ##.....
 Summon Small Mammal      Summ           #...         50%         1    ##.....
 Throw Flame              Conj/Fire      #.....       65%         2    ###....
 Conjure Flame            Conj/Fire      #.......     86%         3    ####...
 Inner Flame              Hex/Fire       #.......     86%         3    ####...
 Regeneration             Chrm/Necr      #.........   86%         3    ####...
 Vampiric Draining        Necr           #.........   86%         3    ####...
 Animate Dead             Necr           N/A          99%         4    #####..
 Sticky Flame             Conj/Fire      #.......     99%         4    #####..
 Fireball                 Conj/Fire      #.........   100%        5    ######.


Dungeon Overview and Level Annotations

Branches:
Dungeon (12/15)            Temple (1/1) D:6            Lair (0/6) D:10
    Orc (0/2) D:11          Sewer (visited)

Altars:
Ashenzari
Cheibriados
Dithmenos
Elyvilon
Fedhas
Gozag
Hepliaklqana
Kikubaaqudgha
Makhleb
Nemelex Xobeh
Okawaru
Qazlal
Ru
Sif Muna
Trog
Uskayaw
Vehumet
Wu Jian
Xom
Yredelemnul
Zin
The Shining One
Beogh

Annotations:
D:5 1 runed translucent door, Crazy Yiuf
D:9 2 transporters, JoannaLumley's ghost, novice TeCj
D:10 3 runed translucent doors, porkupine's ghost, journeyman MiAK


Innate Abilities, Weirdness & Mutations

You are too large for most types of armour.
You have claws for hands.
Your metabolism is lightning-fast.
You like to eat raw meat.
Your natural rate of healing is unusually fast.
You are covered in fur. (AC +1)
You have extremely tough skin. (AC +3)


Message History

Eating one of 5 chunks of flesh.
You eat one of the 5 chunks of flesh.
This raw flesh tastes great.
A centaur warrior comes into view.
A centaur warrior is nearby!
The centaur warrior wields a +0 longbow.
The centaur warrior shoots an arrow.
The arrow closely misses you.
The centaur warrior shoots an arrow.
The arrow hits you!
* * * LOW HITPOINT WARNING * * *
You see here an arrow.
The centaur warrior shoots an arrow.
The arrow hits you!
* * * LOW HITPOINT WARNING * * *
You see here an arrow.
The centaur warrior shoots an arrow.
The arrow barely misses you.
The centaur warrior shoots an arrow.
The arrow hits you.
* * * LOW HITPOINT WARNING * * *
You see here 2 arrows.
The centaur warrior shoots an arrow.
The arrow hits you!
* * * LOW HITPOINT WARNING * * *
The centaur warrior shoots an arrow.
The arrow hits you!
You die...

#. ##........ .###
#...###... . ..## ##...#
#... ..###..## #..#.####...
.c†..c.(### #.##.#.)....
######(...# ##.##..)#..#.
##.#.### ###.....###.###
#.#c..#######......## #^#
###
#...#.....@.......####...
..#
###(#....####...>...[....
..# #.#.#####...##.#####....
..#######.(.###...###..#
#....
..##.......##........(## ..
.....####..##........## .#
............#........# ..#
..########...........###...#
..# ##.#........))....#


You could see a centaur warrior.

Vanquished Creatures
  2 hydras (D:12)
  A catoblepas (D:9)
  A two-headed ogre (D:12)
  A tengu warrior (D:10)
  2 unseen horrors
  An orc knight (D:9)
  Pikel (D:4)
  A cyclops (D:11)
  An ugly thing (D:10)
  Maurice (D:10)
  2 gargoyles
  Psyche (D:8)
  4 centaur skeletons
  A komodo dragon (D:10)
  A troll (D:11)
  3 hippogriffs
  A shadow (D:10)
  2 wraiths (D:10)
  Sigmund (D:4)
  2 wyverns
  2 steam dragons
  10 yaks
  2 hungry ghosts
  Grum (D:11)
  Edmund (D:5)
  Menkaure (D:5)
  2 wargs (D:10)
  A water moccasin (D:7)
  A soldier ant (D:10)
  Duvessa (D:4)
  3 necrophages
  An ice beast (D:10)
  A black bear (D:7)
  8 orc warriors
  4 sky beasts
  4 wolves (D:11)
  5 ogres
  A boggart (D:10)
  9 centaurs
  8 bullfrogs
  3 big kobolds
  Dowan (D:4)
  4 scorpions
  5 wights (D:7)
  A jelly (D:11)
  15 killer bees
  A howler monkey (D:6)
  5 crimson imps
  A bullfrog zombie (D:9)
  3 centaur zombies
  9 orc priests
  A bullfrog skeleton (D:10)
  7 hounds
  A gnoll shaman (D:7)
  2 iguanas
  9 orc wizards
  4 worker ants
  A hound skeleton (D:5)
  2 howler monkey zombies
  A worker ant zombie (D:7)
  14 gnolls
  15 adders
  2 river rats (Sewer)
  2 shadow imps
  5 oozes
  2 adder skeletons
  5 worms
  2 dart slugs (D:2)
  9 leopard geckos
  58 orcs
  4 ball pythons
  11 giant cockroaches
  5 goblins
  5 hobgoblins
  6 jackals
  17 kobolds
  5 quokkas
  8 bats
  3 frilled lizards
  A leopard gecko zombie (D:5)
  16 rats
367 creatures vanquished.

Notes
Turn   | Place    | Note
-------+----------+-------------------------------------------
     0 | D:1      | Blackhawk the Troll Gladiator began the quest for the Orb.
     0 | D:1      | Reached XP level 1. HP: 19/19 MP: 0/0
   262 | D:1      | Reached XP level 2. HP: 17/28 MP: 1/1
   666 | D:2      | Reached XP level 3. HP: 35/35 MP: 2/2
   711 | D:2      | Reached skill level 4 in Unarmed Combat
   756 | D:2      | Reached XP level 4. HP: 42/42 MP: 3/3
  1574 | D:3      | Reached XP level 5. HP: 50/50 MP: 4/4
  1641 | D:3      | Found a glowing drain.
  1661 | Sewer    | Entered a sewer
  1804 | Sewer    | Reached skill level 5 in Unarmed Combat
  1835 | Sewer    | Reached XP level 6. HP: 48/59 MP: 5/5
  2581 | D:4      | Found a stormy altar of Qazlal.
  2883 | D:4      | Noticed Duvessa
  2884 | D:4      | Noticed Dowan
  2893 | D:4      | Killed Duvessa
  2893 | D:4      | Reached skill level 6 in Unarmed Combat
  2893 | D:4      | Reached XP level 7. HP: 54/67 MP: 6/6
  2899 | D:4      | Killed Dowan
  2948 | D:4      | Noticed Pikel
  2972 | D:4      | Killed Pikel
  2972 | D:4      | Reached skill level 7 in Unarmed Combat
  2972 | D:4      | Reached XP level 8. HP: 69/78 MP: 7/7
  3120 | D:4      | Noticed Sigmund
  3133 | D:4      | Killed Sigmund
  3275 | D:5      | Entered Level 5 of the Dungeon
  3355 | D:5      | Noticed Menkaure
  3361 | D:5      | Killed Menkaure
  3361 | D:5      | Reached skill level 5 in Dodging
  3361 | D:5      | Reached skill level 8 in Unarmed Combat
  3548 | D:5      | Noticed Edmund
  3558 | D:5      | Killed Edmund
  3636 | D:5      | Found a runed translucent door.
  3637 | D:5      | Noticed Crazy Yiuf
  3918 | D:6      | Reached skill level 5 in Fighting
  4168 | D:6      | Found a staircase to the Ecumenical Temple.
  4188 | D:6      | Reached XP level 9. HP: 88/88 MP: 8/8
  4226 | Temple   | Entered the Ecumenical Temple
  4324 | Temple   | Became a worshipper of Warmaster Okawaru
  4383 | D:6      | Reached skill level 9 in Unarmed Combat
  4870 | D:7      | Found a sacrificial altar of Ru.
  4921 | D:7      | Reached * piety under Okawaru
  5164 | D:7      | Reached skill level 10 in Unarmed Combat
  5188 | D:7      | Reached ** piety under Okawaru
  5789 | D:8      | Reached XP level 10. HP: 90/98 MP: 9/9
  5982 | D:8      | Found a hazy altar of Hepliaklqana.
  6418 | D:8      | Noticed Psyche
  6431 | D:8      | Killed Psyche
  6565 | D:9      | Reached skill level 11 in Unarmed Combat
  6679 | D:9      | Reached *** piety under Okawaru
  6757 | D:9      | Found a transporter.
  6759 | D:9      | Noticed JoannaLumley's ghost (novice TeCj)
  6763 | D:9      | Noticed a two-headed ogre
  6765 | D:9      | Identified the +4 great mace of Distant Worlds {flame,
                  | rElec rF++ Dex-4 SInv}
  6765 | D:9      | Noticed a two-headed ogre
  7529 | D:9      | Found a transporter.
  7544 | D:10     | Entered Level 10 of the Dungeon
  7724 | D:10     | Found a runed translucent gate.
  7724 | D:10     | Found a runed translucent gate.
  7724 | D:10     | Found a runed translucent gate.
  7726 | D:10     | Noticed porkupine's ghost (journeyman MiAK)
  7726 | D:10     | Identified the cursed +1 mace of Amaeweji {speed, MP+9
                  | Str+4 Stlth+}
  7726 | D:10     | Identified the +3 chain mail of Wu Jian's Reproof {rF+++
                  | Str-4}
  7740 | D:10     | Found a roughly hewn altar of Beogh.
  7790 | D:10     | Reached **** piety under Okawaru
  7798 | D:10     | Reached skill level 12 in Unarmed Combat
  7917 | D:10     | Noticed a tengu warrior
  7931 | D:10     | Killed a tengu warrior
  7931 | D:10     | Reached XP level 11. HP: 90/109 MP: 10/10
  8000 | D:10     | Found a staircase to the Lair.
  8259 | D:10     | Noticed a catoblepas
  8259 | D:10     | Noticed an orc knight
  8356 | D:9      | Killed an orc knight
  8478 | D:9      | Killed a catoblepas
  8478 | D:9      | Reached ***** piety under Okawaru
  8693 | D:10     | Reached skill level 13 in Unarmed Combat
  8765 | D:10     | Noticed a cyan ugly thing
  8788 | D:10     | Killed a cyan ugly thing
  8797 | D:10     | Got a jewelled hand axe
  9394 | D:11     | Noticed Maurice
  9400 | D:10     | Identified the +6 hand axe of the Penguin {flame, MR+} (You
                  | found it on level 10 of the Dungeon)
  9451 | D:10     | Killed Maurice
  9504 | D:10     | Killed an unseen horror
  9504 | D:10     | Reached skill level 1 in Armour
  9590 | D:11     | Got a scorched copper ring
  9601 | D:11     | Identified the ring "Lifa Wou" {rF+ MR+} (You found it on
                  | level 11 of the Dungeon)
  9655 | D:11     | Killed an unseen horror
  9759 | D:11     | Reached XP level 12. HP: 117/122 MP: 11/11
  9834 | D:11     | Reached ****** piety under Okawaru
 10001 | D:11     | Noticed Grum
 10008 | D:11     | Received a gift from Okawaru
 10028 | D:11     | Killed Grum
 10173 | D:11     | Found a staircase to the Orcish Mines.
 10441 | D:11     | Reached skill level 1 in Maces & Flails
 10563 | D:11     | Found a roughly hewn altar of Beogh.
 10748 | D:12     | Noticed a six-headed hydra
 10758 | D:12     | Killed a two-headed hydra
 10758 | D:12     | Received a gift from Okawaru
 10763 | D:12     | Got a polished giant spiked club {god gift}
 10767 | D:12     | Identified the +3 giant spiked club "Izyesim" {speed,
                  | *Drain rF+ Str+3} (Okawaru gifted it to you on level 12 of
                  | the Dungeon)
 10817 | D:12     | Noticed a two-headed ogre
 10827 | D:12     | Killed a two-headed ogre
 10934 | D:12     | Noticed a seven-headed hydra
 10949 | D:12     | Killed a one-headed hydra
 10962 | D:12     | Noticed a centaur warrior
 10975 | D:12     | HP: 5/122 [centaur warrior/arrow (11)]
 10976 | D:12     | Shot with an arrow by a centaur warrior

Levels and vault maps discovered:
D:1:      ebering_hopf_link, layout_loops_ring
D:2:      layout_loops_ring, chequers_serial_rivers_micro_e
D:3:      layout_loops_ring, first_ration, gup_sewer_entry_pipe
D:4:      layout_loops_ring, grunt_qazlal_clouds, uniq_duvessa, uniq_pikel,
          uniq_sigmund
D:5:      layout_cave_pools, uniq_crazy_yiuf_cottage, uniq_edmund, uniq_menkaure
D:6:      layout_basic, minmay_temple_entry_gardened_gates,
          minmay_misc_feat_hallway
D:7:      layout_loops_ring, basic_altar
D:8:      layout_loops_cross, basic_altar, uniq_psyche
D:9:      layout_layer_cave, gammafunk_ghost_smash
D:10:     minmay_the_grid_octo_2x2 [minmay_the_grid_octo_focus,
          minmay_the_grid_octo_77, minmay_the_grid_octo_clover_2,
          minmay_the_grid_octo_prize_star], layout_irregular_city,
          erik_lair_orcish_takeover, biasface_ghost_orc_armoury, enter_bailey_2,
          grunt_tengu_nest
D:11:     layout_irregular_city, minmay_orc_entry_temple_small, uniq_grum,
          uniq_maurice
D:12:     layout_rooms, enter_trove_3
Temple:   dpeg_three_leaves_temple

Skill      XL: |  1  2  3  4  5  6  7  8  9 10 11 12 |
---------------+-------------------------------------+-----
Fighting       | 2 3 4 5 6 7 8 |  8.9
Unarmed Combat | 4 5 6 7 8 10 12 13 | 13.9
Dodging        | 3 4 5 6 7 8 9 |  9.1
Armour         | 1 3 |  3.1
Maces & Flails | 2 |  2.8
Throwing       | |  1.7

Action                   |  1- 3 |  4- 6 |  7- 9 | 10-12 || total
-------------------------+-------+-------+-------+-------++-------
Melee: Unarmed           |    62 |   226 |   316 |   551 ||  1155
       Punch             |     2 |     6 |    14 |    43 ||    65
       Hand axe          |       |       |       |    19 ||    19
Invok: Heroism           |       |       |       |     2 ||     2
  Use: Potion            |       |       |     2 |       ||     2
       Scroll            |       |       |       |     5 ||     5
 Stab: Sleeping          |     1 |     2 |       |       ||     3
       Invisible         |       |       |     4 |       ||     4
  Eat: Chunk             |    12 |    20 |    34 |    54 ||   120
Armor: Robe              |    31 |    72 |   116 |       ||   219
       Steam dragon scal |       |       |       |   307 ||   307
Dodge: Dodged            |    32 |    95 |   169 |   427 ||   723

Table legend:
 A = Non-vault XP
 B = Vault XP
 C = Vault XP percentage of total XP
 D = Non-vault monster count
 E = Vault monster count
 F = Vault count percentage of total count
                 A         B        C        D         E       F
            +---------+---------+-------+---------+---------+-------
      Total |   18620 |   10627 |  36.3 |     286 |      81 |  22.1
            +---------+---------+-------+---------+---------+-------
        D:1 |      23 |       0 |   0.0 |      13 |       0 |   0.0
        D:2 |     142 |       0 |   0.0 |      32 |       0 |   0.0
        D:3 |      89 |      18 |  16.8 |      26 |       8 |  23.5
        D:4 |     319 |    1071 |  77.1 |      26 |       4 |  13.3
        D:5 |     224 |     338 |  60.1 |      12 |       2 |  14.3
        D:6 |     672 |       0 |   0.0 |      21 |       0 |   0.0
        D:7 |    1836 |       0 |   0.0 |      39 |       0 |   0.0
        D:8 |    1156 |     434 |  27.3 |      17 |       1 |   5.6
        D:9 |    1680 |    2012 |  54.5 |      23 |       3 |  11.5
       D:10 |    4080 |    5627 |  58.0 |      29 |      28 |  49.1
       D:11 |    5269 |     926 |  14.9 |      34 |      15 |  30.6
       D:12 |    3130 |       0 |   0.0 |      14 |       0 |   0.0
      Sewer |       0 |     201 | 100.0 |       0 |      20 | 100.0
            +---------+---------+-------+---------+---------+-------
